 Dungeon Crawl Stone Soup version 0.19.4 (webtiles) character file.

1318 PrettiestUnicorn the Shield-Bearer (level 8, -3/70 HPs)
             Began as a Minotaur Fighter on Feb 3, 2017.
             Was a Follower of Okawaru.
             Killed from afar by dngmouse's ghost (7 damage)
             ... with a bolt of negative energy
             ... on level 6 of the Dungeon.
             The game lasted 00:19:29 (4836 turns).

PrettiestUnicorn the Shield-Bearer (MiFi)           Turns: 4836, Time: 00:19:32

Health: -3/70      AC: 15    Str: 24    XL:     8   Next: 33%
Magic:  6/7        EV:  6    Int:  5    God:    Okawaru [*.....]
Gold:   73         SH: 15    Dex:  9    Spells: 0 memorised, 7 levels left

rFire  . . .     SeeInvis .     E - +2 flail (protect)
rCold  . . .     Gourm    .     D - +0 scale mail {MR+}
rNeg   . . .     Faith    .     B - +0 large shield
rPois  .         Spirit   .     (helmet restricted)
rElec  .         Reflect  .     (no cloak)
rCorr  .         Harm     .     t - +0 pair of gloves
MR     +....                    (no boots)
Stlth  ..........               (no amulet)
                                (no ring)
                                (no ring)

@: lethally poisoned (-3 -> -10), protection aura, heavily drained
A: retaliatory headbutt, horns 2
a: Heroism, Renounce Religion


You were on level 6 of the Dungeon.
You worshipped Okawaru.
Okawaru was aware of your devotion.
You were hungry.

You visited 1 branch of the dungeon, and saw 6 of its levels.

You collected 393 gold pieces.
You spent 320 gold pieces at shops.

Inventory:

Hand Weapons
 a - a +0 flail
 E - a +2 flail of protection (weapon)
 G - a -1 short sword
 I - a +3 whip
Armour
 b - a +0 scale mail
 c - a +0 shield
 k - a +0 chain mail
 t - a +0 pair of gloves (worn)
 B - a +0 large shield (worn)
 D - a +0 scale mail of magic resistance (worn)
Jewellery
 v - an uncursed ring of teleportation
Wands
 K - a wand of flame (17/48)
Scrolls
 e - a scroll of immolation {unknown}
 g - a scroll of amnesia {unknown}
 h - a scroll of magic mapping {unknown}
 l - 4 scrolls of remove curse
 m - 5 scrolls of identify
 p - a scroll of recharging {unknown}
 q - a scroll of random uselessness {unknown}
 w - a scroll of noise {unknown}
 y - 3 scrolls of teleportation {unknown}
 C - a scroll of enchant armour {unknown}
 F - a scroll of fear {unknown}
 J - a scroll of summoning {unknown}
Potions
 d - 2 potions of might
 i - a potion of resistance {unknown}
 j - 3 potions of curing
 n - 3 potions of heal wounds
 r - a potion of invisibility {unknown}
 s - a potion of flight {unknown}
 u - a potion of magic {unknown}
 z - a potion of agility {unknown}
 A - a potion of cure mutation {unknown}
 H - a potion of lignification {unknown}
Books
 x - a book of Cantrips

   Spells                             Type                      Level
   a - Confusing Touch                Hexes                        1
   b - Animate Skeleton               Necromancy                   1
   c - Summon Small Mammal            Summoning                    1
   d - Apportation                    Translocation                1
Comestibles
 f - 5 bread rations
 o - 12 fruits


   Skills:
 + Level 6.1(4.5) Fighting
 + Level 7.1(5.4) Maces & Flails
 + Level 6.1(4.5) Armour
 + Level 2.3(0.8) Dodging
 + Level 0.1(0.0) Stealth
 + Level 7.4(5.7) Shields
 + Level 0.6(0.0) Invocations


You had 7 spell levels left.
You didn't know any spells.

Dungeon Overview and Level Annotations

Branches:
Dungeon (6/15)             Temple (0/1) D:5

Altars:
Elyvilon
Gozag
Hepliaklqana
Kikubaaqudgha
Okawaru
Ru
Trog
Vehumet

Shops:
D:5 [[[   D:6 !

Annotations:
D:6 dngmouse's ghost, novice DrAr


Innate Abilities, Weirdness & Mutations

You reflexively headbutt those who attack you in melee.
You have a pair of horns on your head.


Message History

Dngmouse's ghost hits you but does no damage.
You are lethally poisoned!
You hit dngmouse's ghost but do no damage.
Your weapon exudes an aura of protection.
Dngmouse's ghost is lightly damaged.
* * * LOW HITPOINT WARNING * * *
You feel sick. You block dngmouse's ghost's attack.
You miss dngmouse's ghost. You headbutt dngmouse's ghost.
Dngmouse's ghost is lightly damaged.
* * * LOW HITPOINT WARNING * * *
You feel sick.
Dngmouse's ghost gestures at you while chanting.
You block the puff of flame.
You barely miss dngmouse's ghost. Your headbutt misses dngmouse's ghost.
Dngmouse's ghost is lightly damaged.
* * * LOW HITPOINT WARNING * * *
You feel sick.
Dngmouse's ghost breathes negative energy at you.
The bolt of negative energy hits you!
You feel drained.
You die...

#. #.# #..####
##(## #......
#...######.#####
##..........#
#.....#######
##...## #.#.#
##.#.####...#
......W@...##
####.#######


You could see dngmouse's ghost.

Vanquished Creatures
  An ice beast (D:5)
  3 ogres
  A black bear (D:2)
  A gnoll sergeant (D:5)
  A crimson imp (D:2)
  A bullfrog zombie (D:5)
  A jelly (D:5)
  An orc priest (D:3)
  A gnoll shaman (D:6)
  2 hounds
  An iguana (D:4)
  7 worker ants
  15 adders
  14 gnolls
  A shadow imp (D:5)
  2 oozes
  An adder skeleton (D:4)
  2 worms
  6 leopard geckos
  6 orcs
  3 giant cockroaches
  8 goblins
  14 hobgoblins
  10 jackals
  4 kobolds
  2 quokkas
  9 bats
  9 frilled lizards
  A leopard gecko skeleton (D:6)
  13 rats
141 creatures vanquished.

Notes
Turn   | Place    | Note
-------+----------+-------------------------------------------
     0 | D:1      | PrettiestUnicorn the Minotaur Fighter began the quest for the Orb.
     0 | D:1      | Reached XP level 1. HP: 19/19 MP: 0/0
    62 | D:1      | Reached XP level 2. HP: 23/27 MP: 1/1
   498 | D:1      | You fall through a shaft!
   498 | D:2      | Found a sacrificial altar of Ru.
   531 | D:2      | Reached XP level 3. HP: 17/34 MP: 2/2
   808 | D:2      | Found an ancient bone altar of Kikubaaqudgha.
   945 | D:2      | Found an opulent altar of Gozag.
  1100 | D:2      | Reached XP level 4. HP: 39/41 MP: 3/3
  1158 | D:2      | Noticed a black bear
  1172 | D:2      | Killed a black bear
  1172 | D:2      | Reached skill level 1 in Dodging
  1172 | D:2      | Reached XP level 5. HP: 30/47 MP: 4/4
  1203 | D:2      | Reached skill level 5 in Shields
  1660 | D:3      | Reached XP level 6. HP: 25/55 MP: 5/5
  1769 | D:3      | Found an iron altar of Okawaru.
  1774 | D:3      | Found a bloodstained altar of Trog.
  1777 | D:3      | Became a worshipper of Warmaster Okawaru
  1865 | D:3      | Reached skill level 5 in Fighting
  2226 | D:3      | Reached skill level 5 in Maces & Flails
  2592 | D:4      | Reached skill level 5 in Armour
  2870 | D:4      | Found a white marble altar of Elyvilon.
  2899 | D:4      | Reached XP level 7. HP: 34/61 MP: 6/6
  2905 | D:4      | HP: 2/61 [ogre/giant spiked club (4)]
  3607 | D:5      | Entered Level 5 of the Dungeon
  3607 | D:5      | Found Seczuuc's Antique Armour Boutique.
  3610 | D:5      | Found Enueduine's Antique Armour Boutique.
  3622 | D:5      | Reached * piety under Okawaru
  3678 | D:5      | Bought a glowing scale mail for 250 gold pieces
  3706 | D:5      | Found a staircase to the Ecumenical Temple.
  4024 | D:5      | Found a hazy altar of Hepliaklqana.
  4048 | D:5      | Reached XP level 8. HP: 51/70 MP: 4/7
  4350 | D:5      | Found Dunidd's Armour Emporium.
  4695 | D:6      | Found a radiant altar of Vehumet.
  4788 | D:6      | Found Aloin's Distillery.
  4792 | D:6      | Bought a potion of heal wounds for 70 gold pieces
  4817 | D:6      | Noticed dngmouse's ghost (novice DrAr)
  4836 | D:6      | Killed from afar by dngmouse's ghost

Skill      XL: |  1  2  3  4  5  6  7  8 |
---------------+-------------------------+-----
Fighting       | 4 5 6 |  6.1
Shields        | 4 5 7 |  7.4
Maces & Flails | 3 4 5 6 7 |  7.1
Armour         | 4 5 6 |  6.1
Dodging        | 1 2 |  2.3
Stealth        | |  0.1
Invocations    | |  0.6

Action                   |  1- 3 |  4- 6 |  7- 9 || total
-------------------------+-------+-------+-------++-------
Melee: Flail             |   123 |   286 |   157 ||   566
       Headbutt          |    16 |    37 |    24 ||    77
Invok: Heroism           |       |       |     3 ||     3
  Use: Scroll            |       |     2 |     1 ||     3
       Potion            |       |     1 |     1 ||     2
  Eat: Chunk             |     1 |     6 |     6 ||    13
Armor: Scale mail        |     6 |       |    30 ||    36
       Chain mail        |    57 |   130 |     8 ||   195
Dodge: Dodged            |    34 |    64 |    28 ||   126
Block: Shield            |    71 |   126 |       ||   197
       Large shield      |       |    44 |   120 ||   164
